 Dungeon Crawl Stone Soup version 0.30-b1-2-g02819fbbbe (webtiles) character file.

Game seed: 8292490779431723093

9 Alarkh the Vexing (level 2, 21/21 HPs)
             Began as a Demonspawn Hexslinger on July 6, 2023.
             Got out of the dungeon alive.
             The game lasted 00:00:54 (102 turns).

Alarkh the Vexing (Demonspawn Hexslinger)            Turns: 102, Time: 00:00:55

Health: 21/21      AC:  2    Str: 10    XL:     2   Next: 3%
Magic:  3/3        EV: 12    Int: 14    God:
Gold:   6          SH:  5    Dex: 13    Spells: 2/3 levels left

rFire   . . .        a - +1 sling
rCold   . . .        (no shield)
rNeg    . . .        c - +0 robe
rPois   .            (no helmet)
rElec   .            (no cloak)
rCorr   .            (no gloves)
SInv    .            (no boots)
Will    .....        f - amulet of reflection
Stlth   +            (no ring)
HPRegen 0.23/turn    (no ring)
MPRegen 0.08/turn

%: reflection
@: no status effects
A: demonic touch 1
a: no special abilities


You escaped.
You visited 1 branch of the dungeon, and saw 1 of its levels.

You collected 6 gold pieces.

Inventory:

Hand Weapons
 a - a +1 sling (weapon)
Armour
 c - a +0 robe (worn)
Jewellery
 e - an amulet of faith
 f - an amulet of reflection (around neck)
Scrolls
 b - a scroll of poison
 g - a scroll of identify {unknown}
Potions
 d - a potion of heal wounds {unknown}


   Skills:
 - Level 1.0 Fighting
 + Level 2.5 Ranged Weapons
 - Level 1.7 Dodging
 - Level 1.0 Spellcasting
 - Level 3.0 Hexes


You had 2 spell levels left.
You knew the following spells:

 Your Spells              Type           Power      Damage    Failure   Level
a - Slow                  Hex            36%        N/A       8%          1

Your spell library contained the following spells:

 Spells                   Type           Power      Damage    Failure   Level
 Inner Flame              Hex/Fire       4%         N/A       38%         3
 Portal Projectile        Hex/Tloc       8%         N/A       38%         3
 Cause Fear               Hex            4%         N/A       58%         4


Dungeon Overview and Level Annotations

Branches:
Dungeon (1/15)

Altars:

Shops:
D:1 *


Innate Abilities, Weirdness & Mutations

Your touch may inflict minor irresistible damage on your foes.


Message History

You kill the quokka!
No target in view!
You start putting on your amulet.
You continue putting on your amulet of reflection. x2
A nearby plant withers and dies.
You continue putting on your amulet of reflection. x3
You finish putting on your amulet of reflection.
You feel a shielding aura gather around you.
f - an amulet of reflection (around neck)
You now have 6 gold pieces.
g - a scroll labelled LUJIWE ECAZ
Found 5 stones.
Found a stone staircase leading down.
A kobold comes into view. It is wielding a +0 club.
The kobold shouts!
There is an entrance to Nene's Assorted Antiques here.
A kobold is nearby!
A kobold is nearby!
You shoot a sling bullet. The sling bullet hits the kobold.
You kill the kobold!
You have reached level 2!
You feel monstrous as your demonic heritage exerts itself.
Your demonic ancestry asserts itself...
Your hands begin to faintly glow with unholy energy.
You enter the shallow water.
Moving in this stuff is going to be slow.
There is a transporter here.
You enter the transporter and appear at another place.
Found 11 gold pieces.
There is a staircase leading out of the dungeon here.
There is a transporter here.
You enter the transporter and appear at another place.
You can't go up here!
There is an escape hatch in the floor here.
There is a transporter here.
You enter the transporter and appear at another place.
There is a transporter landing site here.
There is a staircase leading out of the dungeon here.
Are you sure you want to leave the Dungeon?
This will make you lose the game!
You have escaped!

..# ##.#≈≈~~.~~≈≈≈≈..
... #..≈~~...~~≈≈≈##...
...####.≈~.©>©.~≈≈≈~....
........≈≈~.⌠.~~≈≈≈≈..#
....####≈≈≈~~~~≈≈≈≈≈..#
........~≈≈≈≈≈≈≈≈≈≈≈~#
.. #..#~≈≈≈≈~~~~≈≈≈# )
.....≈≈≈≈~~.⌠.~≈≈#
.....~≈≈≈~.©@©.~≈#
......~≈≈≈~...~≈≈#
...≈≈≈≈~~.~≈≈≈....
...≈≈≈≈≈≈≈.≈≈≈....
....~≈≈≈≈.≈≈≈≈>...
##..#~≈≈.≈~~≈.....
.$..####.####..... ##.
... ..!..


There were no monsters in sight!

Vanquished Creatures
  An endoplasm (D:1)
  A giant cockroach (D:1)
  2 hobgoblins (D:1)
  A kobold (D:1)
  A quokka (D:1)
  A frilled lizard (D:1)
7 creatures vanquished.

Vanquished Creatures (others)
  A plant (D:1)
1 creature vanquished.

Grand Total: 8 creatures vanquished

Notes
Turn   | Place    | Note
-------+----------+-------------------------------------------
     0 | D:1      | Alarkh the Demonspawn Hexslinger began the quest for the
                  | Orb.
     0 | D:1      | Reached XP level 1. HP: 15/15 MP: 2/2
    49 | D:1      | Found Nene's Assorted Antiques.
    72 | D:1      | Discovered your monstrous ancestry.
    72 | D:1      | Gained mutation: Your touch may inflict minor irresistible
                  | damage on your foes. [demonic ancestry]
    72 | D:1      | Reached XP level 2. HP: 21/21 MP: 3/3
   102 | D:$      | Got out of the dungeon alive.

Illustrated notes

Levels and vault maps discovered:
D:1:      spicycebolla_arrival_transporter_tutorial, layout_rooms, serial_shops,
          nicolae_shop_overgrown_old_shop

Skill      XL: |  1 |
---------------+----+-----
Ranged Weapons | 2 |  2.5
Fighting       | |  1.0
Dodging        | |  1.7
Spellcasting   | |  1.0
Hexes          | |  3.0

Action                     || total
---------------------------++-------
   Fire: Sling             ||    16
 Armour: Robe              ||     1
